 Dungeon Crawl Stone Soup version bcrawl-1.37.2 (webtiles) character file.

Game seed: 4976072216582333822

246106 crabbyslav the Chopper (level 7, -2/66 HPs)
             Began as a Deep Dwarf Fighter on Feb 11, 2023.
             Was a Follower of Makhleb.
             Slain by a bullfrog (6 damage)
             ... in a sewer.
             The game lasted 00:06:23 (4063 turns).

crabbyslav the Chopper (Deep Dwarf Fighter)         Turns: 4063, Time: 00:06:23

Health: -2/66      AC: 12    Str: 22    XL:     7   Next: 93%
Magic:  10/10      EV:  4    Int:  8    God:    Makhleb [*.....]
Gold:   404        SH: 10    Dex: 12    Spells: 6/6 levels left

rFire    . . .     GDR:     28% a - +0 war axe
rCold    . . .     SeeInvis .   c - +0 medium shield
rNeg     + . .     Gourm    .   s - +0 chain mail
rPois    .         Faith    .   (no helmet)
rElec    .         Spirit   .   (no cloak)
rCorr    .         Reflect  .   g - +1 pair of gloves
MR       +....                  (no boots)
Stlth    ..........             (no amulet)
HPRegen  0.00/turn              j - ring of stealth
MPRegen  0.12/turn              q - ring of positive energy

@: non-regenerating, very slow
A: damage resistance, sense surroundings 1, no regeneration
a: Minor Destruction, Renounce Religion


You were in a sewer.
You worshipped Makhleb.
Makhleb was aware of your devotion.
You were hungry.

You visited 1 branch of the dungeon, and saw 6 of its levels.
You also visited: Sewer.

You collected 404 gold pieces.

Inventory:

Hand Weapons
 a - a +0 war axe (weapon)
Armour
 c - a +0 medium shield (worn)
 g - a +1 pair of gloves (worn)
 s - a +0 chain mail (worn)
Jewellery
 j - a ring of stealth (left hand)
 q - a ring of positive energy (right hand)
Scrolls
 b - a scroll of blinking
 h - 2 scrolls of teleportation
 i - a scroll of identify
 m - a scroll of fear
 n - a scroll of fog
Potions
 d - a potion of degeneration
 f - a potion of lignification {unknown}
 l - a potion of resistance
Comestibles
 e - 9 rations {!d}
 o - 2 chunks of flesh


   Skills:
 + Level 4.7 Fighting
 * Level 6.2 Axes
 + Level 5.1 Armour
 + Level 5.3 Shields
 + Level 4.2 Invocations


You had 6 spell levels left.
You didn't know any spells.
Your spell library was empty.

Dungeon Overview and Level Annotations

Branches:
Dungeon (6/12)             Temple (0/1) D:4

Altars:
Elyvilon
Makhleb

Shops:
D:4 }


Innate Abilities, Weirdness & Mutations

You are resistant to damage.
You passively map a small area around you.
You do not regenerate.


Message History

You slash the bullfrog!
The bullfrog is moderately wounded.
The bullfrog hits you. The bullfrog closely misses you.
You closely miss the bullfrog.
The bullfrog is moderately wounded.
The bullfrog hits you.
* * * LOW HITPOINT WARNING * * *
The bullfrog hits you.
* * * LOW HITPOINT WARNING * * *
Your unstable footing causes you to fumble your attack.
You block the bullfrog's attack. x2
You closely miss the bullfrog.
The bullfrog is moderately wounded.
You block the bullfrog's attack.
Your shield and chain mail prevent you from hitting the bullfrog.
The bullfrog is moderately wounded.
You block the bullfrog's attack. x2
Your unstable footing causes you to fumble your attack.
You block the bullfrog's attack. The bullfrog hits you!
You die...

#.≈≈≈≈≈≈≈≈≈≈≈≈≈≈≈≈≈≈≈≈≈
#.≈≈≈≈≈≈≈≈≈≈†≈≈≈≈≈≈≈≈≈≈
#.≈≈≈≈..≈≈≈≈≈≈≈≈≈≈.....
#.≈≈≈.≈≈≈≈≈≈≈≈≈≈≈≈≈≈≈≈#
#÷≈≈≈.≈≈≈≈≈≈≈≈≈≈≈≈≈≈≈≈≈
#≈≈≈≈≈≈≈≈≈≈≈.≈≈≈≈≈≈≈≈≈≈
#≈≈≈≈≈≈≈≈≈≈≈≈≈≈.≈≈≈≈≈≈≈
#≈≈≈≈≈≈≈≈≈≈≈.≈≈≈}≈≈≈≈≈≈
#≈≈≈≈≈@≈≈≈≈..≈.[[/.≈≈≈≈
#≈≈≈≈≈≈F≈≈≈≈≈.≈.$.≈.≈≈≈
#≈≈≈≈≈≈≈≈≈...≈≈≈.≈≈≈≈≈≈
#≈≈≈≈≈#≈≈≈≈∩≈≈≈≈≈≈≈≈≈≈≈
#÷≈≈≈≈##≈≈≈≈≈≈≈ ≈
#.≈≈≈≈# ##≈≈≈≈≈ ≈
#.≈≈≈≈# ###≈≈ ≈ * *
#.≈≈≈.# * #* * #.≈≈≈≈#


You could see a bullfrog.

Vanquished Creatures
  Sigmund (D:5)
  Eustachio (D:5)
  A sky beast (D:5)
  An ogre (D:4)
  A crimson imp (D:5)
  2 hounds (D:5)
  2 jellies (D:5)
  An orc wizard (D:4)
  A hound skeleton (D:5)
  7 gnolls
  9 adders
  An ooze (D:5)
  An adder skeleton (D:5)
  4 worms
  4 dart slugs
  7 leopard geckos
  7 orcs
  4 ball pythons
  10 giant cockroaches
  9 goblins
  7 hobgoblins
  10 jackals
  4 quokkas
  A ball python skeleton (D:3)
  3 bats (D:1)
  13 frilled lizards
  10 kobolds
  6 rats
128 creatures vanquished.

Vanquished Creatures (others)
  4 toadstools (D:1)
4 creatures vanquished.

Grand Total: 132 creatures vanquished

Notes
Turn   | Place    | Note
-------+----------+-------------------------------------------
     0 | D:1      | crabbyslav the Deep Dwarf Fighter began the quest for the
                  | Orb.
     0 | D:1      | Reached XP level 1. HP: 21/21 MP: 1/1
    77 | D:1      | Reached XP level 2. HP: 21/28 MP: 2/2
   281 | D:1      | Reached ** piety under Elyvilon
   316 | D:1      | Reached skill level 3 in Axes
   316 | D:1      | Reached XP level 3. HP: 22/34 MP: 3/3
   966 | D:2      | Reached skill level 1 in Invocations
   966 | D:2      | Reached XP level 4. HP: 20/42 MP: 4/4
  1476 | D:3      | Reached XP level 5. HP: 45/49 MP: 6/6
  1701 | D:3      | Reached skill level 4 in Axes
  2149 | D:3      | Found a burning altar of Makhleb.
  2149 | D:3      | Noticed a green death
  2154 | D:3      | Noticed an orange demon
  2154 | D:3      | Noticed a neqoxec
  2161 | D:3      | Fell from the grace of Elyvilon
  2161 | D:3      | Became a worshipper of Makhleb the Destroyer
  2256 | D:4      | Found Xaivejen's Gadget Boutique.
  2306 | D:4      | Noticed an ogre
  2311 | D:4      | Killed an ogre
  2312 | D:4      | Reached XP level 6. HP: 41/57 MP: 7/7
  2429 | D:4      | Found a staircase to the Ecumenical Temple.
  2791 | D:5      | Entered Level 5 of the Dungeon
  2795 | D:5      | Noticed Eustachio
  2846 | D:5      | Killed Eustachio
  2847 | D:5      | Was forgiven by Elyvilon
  2847 | D:5      | Reached skill level 5 in Axes
  2847 | D:5      | Reached XP level 7. HP: 20/64 MP: 9/9
  3124 | D:5      | Reached skill level 5 in Shields
  3279 | D:5      | Reached * piety under Makhleb
  3435 | D:5      | Noticed Sigmund
  3454 | D:5      | Killed Sigmund
  3455 | D:5      | Reached skill level 6 in Axes
  3455 | D:5      | Reached skill level 5 in Armour
  3534 | D:5      | Found a white marble altar of Elyvilon.
  3736 | D:6      | Found a glowing drain.
  3800 | Sewer    | Entered a sewer
  4063 | Sewer    | Slain by a bullfrog

Skill      XL: |  1  2  3  4  5  6  7 |
---------------+----------------------+-----
Axes           | 3 4 5 6 |  6.2
Invocations    | 1 2 3 4 |  4.2
Shields        | 4 5 |  5.3
Armour         | 4 5 |  5.1
Fighting       | 4 |  4.7

Action                   |  1- 3 |  4- 6 |  7- 9 || total
-------------------------+-------+-------+-------++-------
Melee: War axe           |   113 |   233 |   161 ||   507
Invok: Lesser Healing    |     3 |     7 |       ||    10
  Use: Potion            |       |     2 |     5 ||     7
       Scroll            |       |       |    11 ||    11
  Eat: Chunk             |     4 |    13 |    10 ||    27
       Ration            |       |     1 |       ||     1
Armor: Scale mail        |    57 |    66 |       ||   123
       Chain mail        |       |    71 |    74 ||   145
Dodge: Dodged            |    24 |    61 |    23 ||   108
Block: Medium shield     |    53 |   140 |    85 ||   278
